 Dungeon Crawl Stone Soup version 0.31.0-12-g77e489cdc1 (webtiles) character file.

Game seed: 16642895964201169340

1346 H0rd4k the Martial Artist (level 8, 0/54 HPs)
             Began as an Octopode Artificer on Mar 1, 2024.
             Slain by a centaur (2 damage)
             ... on level 7 of the Dungeon.
             The game lasted 00:05:11 (5358 turns).

H0rd4k the Martial Artist (Octopode Artificer)      Turns: 5358, Time: 00:05:11

Health: 0/54       AC:  1    Str: 11    XL:     8   Next: 62%
Magic:  17/17      EV: 13    Int: 16    God:
Gold:   376        SH:  0    Dex: 12    Spells: 7/7 levels left

rFire   . .          .
                       - Unarmed
rCold   + . .        (no shield)
rNeg    . . .        (helmet restricted)
rPois   .            (no amulet)
rElec   .            h - ring of protection from cold
rCorr   .            q - ring of wizardry
SInv    +            n - ring of magical power
Will    .....        y - ring of see invisible
Stlth   +++          (no ring)
HPRegen 0.29/turn    (no ring)
MPRegen 0.15/turn    (no ring)
                     (no ring)

%: wizardry (x1)
@: studying Fire Magic
A: almost no armour, amphibious, 8 rings, camouflage 1, gelatinous body 1,
(nimble swimmer 1), tentacles
a: no special abilities


You were on level 7 of the Dungeon.
You visited 1 branch of the dungeon, and saw 7 of its levels.

You collected 376 gold pieces.

Inventory:

Missiles
 a - 10 poisoned darts
 g - 3 curare-tipped darts
Armour
 l - an orb of light
Magical Staves
 u - a staff of earth
Jewellery
 h - a ring of protection from cold (left tentacle)
 n - a ring of magical power (on tentacle)
 q - a ring of wizardry (right tentacle)
 v - a ring of ice
 y - a ring of see invisible (on tentacle)
Wands
 c - a wand of charming (10)
Scrolls
 b - a scroll of enchant armour {unknown}
 d - a scroll of acquirement {unknown}
 e - a scroll of revelation {unknown}
 i - 2 scrolls of blinking {unknown}
 j - a scroll of poison {unknown}
 m - 3 scrolls of identify {unknown}
 o - a scroll of vulnerability {unknown}
 r - a scroll of noise {unknown}
 x - a scroll of amnesia {unknown}
 z - a scroll of teleportation {unknown}
Potions
 f - 2 potions of heal wounds {unknown}
 k - a potion of might {unknown}
 p - 4 potions of curing {unknown}
 s - a potion of attraction {unknown}
 t - a potion of haste {unknown}
 w - a potion of resistance {unknown}
 A - a potion of lignification {unknown}


   Skills:
 + Level 3.9 Fighting
 - Level 2.3 Dodging
 - Level 1.3 Stealth
 + Level 9.4 Unarmed Combat
 - Level 3.2 Evocations


You had 7 spell levels left.
You didn't know any spells.
Your spell library contained the following spells:

 Spells                   Type           Power      Damage    Failure   Level
 Static Discharge         Conj/Air       0%         3-3/arc   16%         2
 Airstrike                Air            0%         2d(0-16)  65%         4
 Summon Lightning Spire   Summ/Air       0%         N/A       65%         4


Dungeon Overview and Level Annotations

Branches:
Dungeon (7/15)
 Temple: D:4-7

Altars:
Ashenzari
Hepliaklqana
Kikubaaqudgha
Okawaru
Trog
Uskayaw

Annotations:
D:5 exclusion: ice beast


Innate Abilities, Weirdness & Mutations

You cannot wear most types of armour.
You are amphibious.
You can wear up to eight rings at the same time.
Your skin changes colour to match your surroundings (Stealth+).
Your rubbery body absorbs attacks. (AC +1, EV +1)
((You are camouflaged when in or above water. (Stealth+)))
You have tentacles for arms and can constrict up to eight enemies at once.


Message History

Guard this area!
The kobold brigand shouts!
The kobold shouts!
You hear a shout!
Your wight hits the kobold with a +2 long sword of freezing.
Your wight freezes the kobold.
The kobold throws a stone.
The stone barely misses your wight. The stone barely misses you.
Your wight closely misses the kobold.
Something closely misses your wight.
Your wight hits something with a +2 long sword of freezing!
Your wight freezes something.
You feel a bit more experienced.
You feel a bit more experienced.
You feel a bit more experienced.
You feel a bit more experienced.
A centaur comes into view.
The centaur shouts!
The centaur wields a +0 shortbow.
The centaur shoots an arrow.
The arrow barely misses you.
The centaur shoots an arrow.
The arrow misses you.
The centaur unwields a +0 shortbow.
The centaur hits you.
* * * LOW HITPOINT WARNING * * *
The centaur closely misses you.
You feel a bit more experienced.
Your life force feels restored.
You tentacle-slap the centaur.
The centaur is lightly wounded.
The centaur barely misses you. The centaur misses you.
You tentacle-slap the centaur.
The centaur is moderately wounded.
The centaur closely misses you. The centaur misses you. The centaur hits you.
* * * LOW HITPOINT WARNING * * *
The centaur barely misses you.
You bludgeon the centaur!
You tentacle-slap the centaur, but do no damage.
The centaur is almost dead.
The centaur hits you.
* * * LOW HITPOINT WARNING * * *
The centaur kicks you.
* * * LOW HITPOINT WARNING * * *
You barely miss the centaur.
The centaur is almost dead.
The centaur closely misses you. The centaur kicks you.
You die...

#.###.. .# #.....# .#
#.##### .# #.# .#
#.##.##### ###### .#
#.........
......##.#########.##.#.
#..c...............##
#.##@######..##.#..#.
#..##.....##..#.#....
#..##.###.##...#...#
#...##.###.##..#..##
#....##.....##...##
#.....######.##.##.#
####. ##..)............
..<...#..######.##.##.#
#.).##....z##...# .


You could see a centaur.

Vanquished Creatures
  2 water moccasins
  A black bear (D:6)
  A phantom (D:3)
  2 scorpions (D:5)
  2 wights (D:7)
  A howler monkey (D:6)
  An orc priest (D:4)
  2 jellies (D:5)
  4 hounds
  3 sleepcaps
  2 iguanas
  5 orc wizards
  2 gnolls (D:5)
  4 adders
  A ribbon worm (D:2)
  6 dart slugs
  12 orcs
  8 bats
  6 endoplasms
  2 giant cockroaches
  12 hobgoblins
  3 jackals (D:2)
  2 quokkas
  6 ball pythons
  4 frilled lizards
  5 goblins
  6 kobolds
  6 rats
111 creatures vanquished.

Vanquished Creatures (collateral kills)
  A kobold brigand (D:7)
  3 gnolls (D:5)
  An adder (D:6)
  A shadow imp (D:6)
  2 orcs
  4 kobolds (D:7)
12 creatures vanquished.

Vanquished Creatures (others)
  A gnoll sergeant (D:5)
  An orc wizard (D:3)
2 creatures vanquished.

Grand Total: 125 creatures vanquished

Notes
Turn   | Place    | Note
-------+----------+-------------------------------------------
     0 | D:1      | H0rd4k the Octopode Artificer began the quest for the Orb.
     0 | D:1      | Reached XP level 1. HP: 13/13 MP: 1/1
   228 | D:1      | Reached XP level 2. HP: 10/19 MP: 2/2
   275 | D:1      | Reached skill level 1 in Unarmed Combat
   805 | D:2      | Reached XP level 3. HP: 11/24 MP: 3/3
   871 | D:2      | Reached skill level 2 in Unarmed Combat
  1343 | D:2      | Reached XP level 4. HP: 29/29 MP: 4/4
  1417 | D:2      | Reached skill level 3 in Unarmed Combat
  1725 | D:3      | Noticed a phantom
  1746 | D:3      | Killed a phantom
  1747 | D:3      | Reached skill level 4 in Unarmed Combat
  1747 | D:3      | Reached XP level 5. HP: 35/35 MP: 5/5
  1833 | D:3      | Found a broken altar of Ashenzari.
  1833 | D:3      | Found a hide-covered altar of Uskayaw.
  2038 | D:3      | Found an ancient bone altar of Kikubaaqudgha.
  2596 | D:4      | Reached skill level 5 in Unarmed Combat
  2596 | D:4      | Reached XP level 6. HP: 41/41 MP: 6/6
  3213 | D:4      | Identified the +2 chain mail "Mumot" {Str+2}
  3243 | D:5      | Entered Level 5 of the Dungeon
  3461 | D:5      | Reached skill level 6 in Unarmed Combat
  3461 | D:5      | Reached XP level 7. HP: 46/46 MP: 7/7
  3500 | D:5      | Reached skill level 7 in Unarmed Combat
  3681 | D:5      | Found an iron altar of Okawaru.
  3966 | D:6      | Reached XP level 8. HP: 32/52 MP: 8/8
  4125 | D:6      | Reached skill level 8 in Unarmed Combat
  4369 | D:6      | Found a hazy altar of Hepliaklqana.
  4394 | D:6      | Found a bloodstained altar of Trog.
  4477 | D:6      | Identified the +0 scale mail of Tutreore {rPois rCorr Str+6
                  | Dex-2}
  5214 | D:7      | Reached skill level 9 in Unarmed Combat
  5357 | D:7      | HP: 2/54 [centaur (2)]
  5358 | D:7      | Slain by a centaur

Illustrated notes

Levels and vault maps discovered:
D:1:      lightli_arrival_statuegarden, layout_loops_ring
D:2:      wad_river_or_something, layout_basic, minivault_5
D:3:      layout_loops_cross, gammafunk_temple_overflow_statue,
          kiku_gazebo_pond_becter
D:4:      layout_loops_ring, guppyfry_early_orc_mine
D:5:      layout_rooms, okawaru_trees_1
D:6:      layout_loops_corners, minitemple
D:7:      layout_loops_ring, minmay_temple_entry_hall, minmay_parallelograms,
          minmay_a_box_with_orc_wizards_in_it, uniq_crazy_yiuf_cottage

Skill      XL: |  1  2  3  4  5  6  7  8 |
---------------+-------------------------+-----
Unarmed Combat | 1 2 4 5 6 7 9 |  9.4
Fighting       | 2 3 |  3.9
Dodging        | |  2.3
Stealth        | |  1.3
Evocations     | |  3.2

Action                     |  1- 3 |  4- 6 |  7- 9 || total
---------------------------+-------+-------+-------++-------
  Melee: Unarmed           |   102 |    92 |    73 ||   267
         Constrict         |    26 |    24 |    18 ||    68
         Tentacles         |    15 |    21 |    25 ||    61
         Club              |     2 |       |       ||     2
         Punch             |     3 |     3 |     7 ||    13
  Evoke: Wand              |       |    12 |    13 ||    25
   Stab: Sleeping          |     8 |     6 |     3 ||    17
         Distracted        |       |     1 |       ||     1
         Betrayed ally     |       |       |     1 ||     1
 Armour: Skin              |    39 |    37 |    40 ||   116
  Dodge: Dodged            |    77 |    36 |    37 ||   150
